 Dungeon Crawl Stone Soup version 0.26-a0-215-g1b87330c0f (webtiles) character file.

Game seed: 7598932370933222234

121 BritishOli the Slasher (level 4, -5/34 HPs)
             Began as a Demonspawn Gladiator on July 6, 2020.
             Slain by a gnoll
             ... wielding a +0 spear
              (7 damage)
             ... on level 2 of the Dungeon.
             The game lasted 00:01:57 (1427 turns).

BritishOli the Slasher (Demonspawn Gladiator)       Turns: 1427, Time: 00:01:58

Health: -5/34      AC:  4    Str: 16    XL:     4   Next: 76%
Magic:  13/13      EV: 13    Int:  9    God:
Gold:   54         SH:  0    Dex: 14    Spells: 3/3 levels left

rFire    . . .     SeeInvis .   a - +0 long sword
rCold    . . .     Faith    .   (no shield)
rNeg     . . .     Spirit   .   b - +0 leather armour
rPois    .         Reflect  .   c - +0 helmet
rElec    .         Harm     .   (no cloak)
rCorr    .                      (no gloves)
MR       .....                  (no boots)
Stlth    +.........             (no amulet)
HPRegen  0.11/turn              f - +4 ring of slaying
MPRegen  0.13/turn              h - ring of magical power

@: no status effects
A: hooves 1, powered by pain 1, spiny 1
a: no special abilities


You were on level 2 of the Dungeon.
You were not hungry.

You visited 1 branch of the dungeon, and saw 2 of its levels.

You collected 54 gold pieces.

Inventory:

Hand Weapons
 a - a +0 long sword (weapon)
Missiles
 d - 3 throwing nets (quivered)
Armour
 b - a +0 leather armour (worn)
 c - a +0 helmet (worn)
Jewellery
 f - a +4 ring of slaying (left hand)
 h - a ring of magical power (right hand)
Scrolls
 g - a scroll of teleportation {unknown}
 k - a scroll of enchant armour {unknown}
 l - a scroll of identify {unknown}
 m - a scroll of magic mapping {unknown}
 n - a scroll of enchant weapon {unknown}
 o - 2 scrolls of blinking {unknown}
 p - a scroll of remove curse {unknown}
Potions
 e - a potion of mutation {unknown}
 i - a potion of heal wounds {unknown}
 j - a potion of magic {unknown}
 r - 3 potions of lignification {unknown}
Comestibles
 q - a ration


   Skills:
 + Level 2.8 Fighting
 + Level 3.3 Long Blades
 + Level 2.5 Throwing
 + Level 1.5 Armour
 + Level 3.2 Dodging


You had 3 spell levels left.
You didn't know any spells.
Your spell library was empty.

Dungeon Overview and Level Annotations

Branches:
Dungeon (2/15)

Altars:
Gozag
Qazlal
Ru
Vehumet


Innate Abilities, Weirdness & Mutations

You have large cloven feet.
You sometimes gain a little power by taking damage.
You are partially covered in sharp spines.


Message History

You hit the gnoll. You kick the gnoll!
The gnoll is almost dead.
The gnoll misses you. The gnoll is struck by your spines.
You kill the gnoll!
The gnoll hits you from afar with a +0 spear.
You closely miss the hobgoblin. The hobgoblin hits you with a +0 club.
* * * LOW HITPOINT WARNING * * *
The gnoll barely misses you.
You slash the hobgoblin!
You kill the hobgoblin!
The gnoll hits you from afar with a +0 spear.
* * * LOW HITPOINT WARNING * * *
You see here a throwing net.
You slash the goblin!
You kill the goblin!
The gnoll hits you from afar with a +0 spear.
* * * LOW HITPOINT WARNING * * *
The gnoll hits you but does no damage. The gnoll is struck by your spines.
The gnoll hits you with a +0 spear!
You die...

#...###....#####.
#..##.##... #####
#..........
#..##.###..
###.######
#.......... #.#
########### #.#
8.. #.# _...
#.########.....
#....#8........
#.##(@g...._...
#.####8!.......
#.# #####.....
).# _... ### 8..
##### #.#####
#......
########.....


You could see a gnoll.

Vanquished Creatures
  2 gnolls (D:2)
  2 adders (D:2)
  An ooze (D:1)
  2 worms (D:2)
  3 dart slugs (D:1)
  2 leopard geckos
  4 giant cockroaches (D:1)
  4 goblins
  9 hobgoblins
  12 jackals (D:1)
  3 kobolds
  6 bats
  2 frilled lizards (D:2)
  9 rats
61 creatures vanquished.

Vanquished Creatures (others)
  A kobold (D:2)
1 creature vanquished.

Grand Total: 62 creatures vanquished

Notes
Turn   | Place    | Note
-------+----------+-------------------------------------------
     0 | D:1      | BritishOli the Demonspawn Gladiator began the quest for the
                  | Orb.
     0 | D:1      | Reached XP level 1. HP: 16/16 MP: 1/1
    57 | D:1      | Gained mutation: You have large cloven feet. [demonic
                  | ancestry]
    57 | D:1      | Reached XP level 2. HP: 13/22 MP: 2/2
   512 | D:1      | Gained mutation: You are partially covered in sharp spines.
                  | [demonic ancestry]
   512 | D:1      | Reached XP level 3. HP: 28/28 MP: 3/3
   523 | D:1      | Reached skill level 1 in Armour
  1075 | D:2      | Found a faded altar of an unknown god.
  1125 | D:2      | Gained mutation: You sometimes gain a little power by
                  | taking damage. [demonic ancestry]
  1125 | D:2      | Reached XP level 4. HP: 34/34 MP: 4/4
  1235 | D:2      | Found a stormy altar of Qazlal.
  1237 | D:2      | Noticed a fire elemental
  1238 | D:2      | Noticed a water elemental
  1238 | D:2      | Noticed an earth elemental
  1238 | D:2      | Noticed an air elemental
  1280 | D:2      | Found a radiant altar of Vehumet.
  1409 | D:2      | Found a stormy altar of Qazlal.
  1411 | D:2      | Found an opulent altar of Gozag.
  1411 | D:2      | Found a sacrificial altar of Ru.
  1427 | D:2      | Slain by a gnoll

Illustrated notes

Levels and vault maps discovered:
D:1:      lightli_arrival_boilingwater, layout_basic
D:2:      layout_loops_ring, doesnt_xom_only_xom, fiery_altar_vehumet,
          nicolae_qazlal_style_of_elements, chequers_ecumenical_altar_simple,
          tso_metal_star

Skill      XL: |  1  2  3 |
---------------+----------+-----
Throwing       | 2 |  2.5
Dodging        | 3 |  3.2
Long Blades    | 3 |  3.3
Armour         | 1 |  1.5
Fighting       | |  2.8

Action                   |  1- 3 |  4- 6 || total
-------------------------+-------+-------++-------
Melee: Long sword        |    74 |    27 ||   101
       Kick              |    11 |     7 ||    18
 Stab: Distracted        |     1 |       ||     1
  Eat: Ration            |     1 |       ||     1
Armor: Leather armour    |    18 |     7 ||    25
Dodge: Dodged            |    64 |    23 ||    87
       Rpst.: Long sword |    16 |     7 ||    23

Table legend:
 A = Non-vault XP
 B = Vault XP
 C = Vault XP percentage of total XP
 D = Non-vault monster count
 E = Vault monster count
 F = Vault count percentage of total count
                 A         B        C        D         E       F
            +---------+---------+-------+---------+---------+-------
      Total |     173 |       0 |   0.0 |      61 |       0 |   0.0
            +---------+---------+-------+---------+---------+-------
        D:1 |      78 |       0 |   0.0 |      36 |       0 |   0.0
        D:2 |      95 |       0 |   0.0 |      25 |       0 |   0.0
            +---------+---------+-------+---------+---------+-------
